 Dungeon Crawl Stone Soup version coffee-0.2.0 (webtiles) character file.

Game seed: 6767733799789854106, levelgen mode: deterministic

25110 Dorkslayer the Carver (level 12, -3/101 HPs)
             Began as a Minotaur Fighter on Oct 22, 2020.
             Was the Champion of Okawaru.
             Killed from afar by a black draconian (20 damage)
             ... with a bolt of lightning
             ... in the Realm of Zot.
             The game lasted 00:36:08 (9830 turns).

Dorkslayer the Carver (Minotaur Fighter)            Turns: 9830, Time: 00:36:09

Health: -3/101     AC: 21    Str: 29    XL:     12   Next: 86%
Magic:  17/17      EV: 12    Int:  5    God:    Okawaru [******]
Gold:   598        SH: 15    Dex: 10    Spells: 11/11 levels left

rFire    . . .     SeeInvis .   K - +5 long sword (holy)
rCold    . . .     Gourm    .   c - +1 kite shield
rNeg     + . .     Faith    .   J - +0 plate armour
rPois    .         Spirit   .   (helmet restricted)
rElec    .         Reflect  .   z - +0 cloak
rCorr    .         Harm     .   (no gloves)
MR       .....                  x - +2 pair of boots {Fly}
Stlth    ..........             u - amulet of the acrobat
HPRegen  0.26/turn              y - +3 ring of strength
MPRegen  0.15/turn              h - ring of positive energy

@: about to teleport, flying, slowed, studying Long Blades, very slow
A: retaliatory headbutt, horns 2
a: Heroism, Finesse, Renounce Religion, Stop Flying


You were in the Realm of Zot.
You worshipped Okawaru.
Okawaru was exalted by your worship.
You were not hungry.

You visited 3 branches of the dungeon, and saw 12 of its levels.

You collected 598 gold pieces.

Inventory:

Hand Weapons
 l - a +0 scimitar of flaming
 o - a +0 double sword
 r - the +8 short sword "Dot Irykk" {flame, *Rage rN+++ MP+9 Str-3}
   (You found it on level 3 of the Dungeon)

   It has been specially enchanted to burn those struck by it, causing extra
   injury to most foes and up to half again as much damage against particularly
   susceptible opponents.
   It affects your strength (-3).
   It renders you almost immune to negative energy.
   It affects your magic capacity (+9).
   It may make you go berserk in combat.
 G - a +2 vorpal long sword
 K - a +5 long sword of holy wrath (weapon)
Missiles
 L - 7 javelins (quivered)
Armour
 c - a +1 kite shield (worn)
 x - a +2 pair of boots of flying (worn)
 z - a +0 cloak (worn)
 J - a +0 plate armour (worn)
Jewellery
 h - a ring of positive energy (right hand)
 i - a +3 ring of strength
 u - an amulet of the acrobat (around neck)
 y - a +3 ring of strength (left hand)
Wands
 n - a wand of flame (4)
 w - a wand of paralysis (15)
 B - a wand of iceblast (5)
 H - a wand of digging (6)
Scrolls
 a - 2 scrolls of silence
 b - 6 scrolls of teleportation
 e - 4 scrolls of magic mapping
 g - a scroll of fog
 j - 4 scrolls of remove curse
 p - 3 scrolls of amnesia
Potions
 d - a potion of cancellation
 k - 3 potions of stabbing
 q - 2 potions of berserk rage
 t - a potion of ambrosia
 v - 5 potions of curing
 A - a potion of magic
 E - a potion of resistance
 F - a potion of flight
 I - 2 potions of invisibility
Books
 C - a manual of Long Blades
Comestibles
 f - 18 rations


   Skills:
 + Level 7.8(12.7) Fighting
 + Level 10.1(12.2) Short Blades
 * Level 12.4(13.9) Long Blades
 + Level 1.0 Throwing
 + Level 8.7(13.0) Armour
 + Level 4.9(11.2) Dodging
 + Level 6.4(10.2) Stealth
 + Level 9.8(13.3) Shields
 * Level 5.9(8.6) Invocations
 * Level 8.9(9.5) Evocations


You had 11 spell levels left.
You didn't know any spells.
Your spell library contained the following spells:

 Spells                   Type           Power        Failure   Level  Hunger
 Foxfire                  Conj/Fire      #...         91%         1    #......
 Magic Dart               Conj           #...         91%         1    #......
 Dazzling Flash           Conj/Hex       #.....       96%         3    ###....
 Inner Flame              Hex/Fire       #.......     96%         3    ###....
 Poisonous Vapours        Pois/Air       #.....       97%         2    ###....
 Searing Ray              Conj           #.....       97%         2    ###....
 Conjure Flame            Conj/Fire      #.......     99%         3    ###....
 Mephitic Cloud           Conj/Pois/Air  #.......     99%         3    ###....
 Fulminant Prism          Conj/Hex       #.........   100%        4    #####..
 Iskenderun's Mystic Bla  Conj/Tloc      #.......     100%        4    #####..
 Sticky Flame             Conj/Fire      #.......     100%        4    #####..
 Fireball                 Conj/Fire      #.........   100%        5    ######.
 Freezing Cloud           Conj/Ice/Air   #.........   100%        6    #######
 Ring of Flames           Chrm/Fire      #.........   100%        7    #######


Dungeon Overview and Level Annotations

Branches:
Dungeon (10/10)            Temple (1/1) D:2             Zot (1/1) D:10

Altars:
Ashenzari
Cheibriados
Dithmenos
Elyvilon
Fedhas
Gozag
Hepliaklqana
Kikubaaqudgha
Makhleb
Nemelex Xobeh
Okawaru
Qazlal
Ru
Sif Muna
Trog
Uskayaw
Vehumet
Wu Jian
Xom
Yredelemnul
Zin
The Shining One

Shops:
D:5 ?


Innate Abilities, Weirdness & Mutations

You reflexively headbutt those who attack you in melee.
You have a pair of horns on your head.


Message History

You furiously retaliate!
You headbutt the Orb Guardian! You block the Orb Guardian's attack.
The Orb Guardian misses you.
You riposte.
Your plate armour prevents you from hitting the Orb Guardian.
You headbutt the Orb Guardian!
The Orb Guardian is severely wounded.
The Orb Guardian misses you.
The yellow draconian annihilator casts a spell.
The yellow draconian annihilator blinks!
Okay, then.
Okay, then.
Your blink will be uncontrolled - continue anyway?
The Orb prevents control of your translocation!
You blink.
As you read the scroll of blinking, it crumbles to dust.
The death cob hits you.
* * * LOW HITPOINT WARNING * * *
The black draconian breathes lightning at you.
The bolt of lightning hits the black draconian.
The black draconian completely resists.
The bolt of lightning hits you!!
You die...

#.....# #.....# #..#....'......
###▓▓▓▓**######(########▓▓▓▓#####
,,** *...............# **,,,,
,,,** *#.........d...#* **,,,,,
,,,,** #........dd...# **,,,,,,
,,,,,* ##.......d.X.## *,,,,,,^
,,,,,* #......q.X.§# *,,,,,,,
,,,,,* *#...........## *,,,,,,,
,,,,,* *.......@zX...# *,,,^,,,
,^,,,* **.............#* *,,,,,,,
,,,,,***,..X........q..#**,,,,,,,
,,,,***,,.###########...***,,,,,,
,,,**,,,,** *#...,**,,,,,
^,,,,,,*** *##.,,,,,,,, ********
********** ,,,**** ****,,,,,
,,^,,,*** ***,,,,,,,,


You could see 4 Orb Guardians, 2 draconians, a green draconian, a white
draconian, a purple draconian knight, a yellow draconian annihilator and a death
cob.

Vanquished Creatures
  2 curse toes (Zot)
  An ogre mage (D:8)
  A golden dragon (D:10)
  2 two-headed ogres (D:9)
  3 tentacled monstrosities
  The ghost of CanOfBees the Fighter, a novice OgHu of Okawaru (D:7)
  Urug (D:10)
  A draconian stormcaller (D:10)
  Pikel (D:8)
  A draconian shifter (Zot)
  Psyche (D:8)
  An ice dragon (D:10)
  Maurice (D:9)
  A green draconian (Zot)
  6 black draconians
  2 red draconians (D:10)
  3 white draconians
  3 purple draconians
  A troll (D:9)
  A queen bee (D:8)
  6 moths of wrath (Zot)
  3 hippogriffs
  A hornet (D:9)
  2 wyverns (D:9)
  A vampire (D:10)
  5 yaks (D:8)
  Eustachio (D:5)
  A hungry ghost (D:9)
  A water moccasin (D:6)
  4 sky beasts
  3 orc warriors
  A hornet zombie (D:9)
  3 slaves (D:8)
  4 ice beasts
  A necrophage (D:9)
  A phantom (D:6)
  5 ogres
  5 centaurs
  3 big kobolds
  7 bullfrogs
  A wyvern skeleton (D:6)
  4 scorpions
  15 killer bees (D:8)
  A water moccasin skeleton (D:9)
  4 howler monkeys
  3 bullfrog zombies
  2 crimson imps (D:5)
  2 jellies
  2 orc priests
  6 hounds
  3 bullfrog skeletons
  3 centaur zombies
  9 orc wizards
  2 centaur skeletons
  5 iguanas
  Natasha (thrice) (D:2)
  7 worker ants
  2 bullfrog simulacra (D:7)
  2 hound zombies (D:5)
  A hound skeleton (D:6)
  3 gnolls (D:6)
  3 adders (D:2)
  7 shadow imps
  2 white imps (D:7)
  2 oozes
  2 worms (D:2)
  2 leopard geckos
  22 orcs
  6 giant cockroaches
  7 goblins
  14 hobgoblins
  2 jackals (D:4)
  A ball python (D:1)
  4 bats
  3 frilled lizards
  25 kobolds
  6 rats
280 creatures vanquished.

Notes
Turn   | Place    | Note
-------+----------+-------------------------------------------
     0 | D:1      | Dorkslayer the Minotaur Fighter began the quest for the
                  | Orb.
     0 | D:1      | Reached XP level 1. HP: 19/19 MP: 0/0
   206 | D:1      | Reached XP level 2. HP: 19/27 MP: 1/1
   683 | D:2      | Reached skill level 3 in Long Blades
   683 | D:2      | Reached XP level 3. HP: 32/33 MP: 2/2
  1049 | D:2      | Found a staircase to the Ecumenical Temple.
  1058 | Temple   | Entered the Ecumenical Temple
  1296 | D:2      | Got the +3 ring mail "Damnable Contraption" {rElec Stlth+}
  1528 | D:2      | Noticed Natasha
  1538 | D:2      | Killed Natasha
  1538 | D:2      | Reached XP level 4. HP: 32/40 MP: 3/3
  1870 | D:2      | Noticed Natasha
  1882 | D:2      | Killed Natasha
  1882 | D:2      | Reached skill level 4 in Long Blades
  2086 | D:2      | Noticed Natasha
  2094 | D:2      | Killed Natasha
  2094 | D:2      | Reached XP level 5. HP: 43/47 MP: 4/4
  2176 | D:3      | Reached skill level 1 in Evocations
  2439 | D:3      | Got the +8 short sword "Dot Irykk" {flame, *Rage rN+++ MP+9
                  | Str-3}
  2683 | D:3      | You fall into a shaft and drop 2 floors!
  2683 | D:5      | Entered Level 5 of the Dungeon
  2685 | D:5      | Noticed Eustachio
  2703 | D:5      | Killed Eustachio
  2703 | D:5      | Reached skill level 5 in Long Blades
  2703 | D:5      | Reached skill level 1 in Stealth
  2703 | D:5      | Reached XP level 6. HP: 52/53 MP: 6/6
  2706 | D:5      | Reached skill level 1 in Dodging
  2764 | D:5      | Found Ewogoth's Magic Scroll Boutique.
  2798 | D:5      | Reached skill level 5 in Armour
  3010 | D:4      | Reached XP level 7. HP: 60/60 MP: 7/7
  3092 | D:4      | Found a sparkling altar of Nemelex Xobeh.
  3133 | D:4      | Reached skill level 5 in Shields
  3321 | D:4      | Reached skill level 1 in Short Blades
  3641 | D:5      | Reached skill level 5 in Fighting
  3648 | D:5      | Reached XP level 8. HP: 63/68 MP: 9/9
  3878 | D:5      | Found an iron altar of Okawaru.
  3997 | D:5      | Became a worshipper of Warmaster Okawaru
  4311 | D:6      | Reached skill level 5 in Short Blades
  4316 | D:6      | Reached * piety under Okawaru
  4318 | D:6      | Reached XP level 9. HP: 75/75 MP: 11/11
  4369 | D:6      | Found a stormy altar of Qazlal.
  4370 | D:6      | Found an iron altar of Okawaru.
  4992 | D:7      | Found a hazy altar of Hepliaklqana.
  4993 | D:7      | Found a shadowy altar of Dithmenos.
  4993 | D:7      | Found a basalt altar of Yredelemnul.
  5065 | D:7      | Noticed CanOfBees's ghost (novice OgHu)
  5097 | D:7      | Found a runed translucent gate.
  5097 | D:7      | Found a runed translucent gate.
  5097 | D:7      | Found a runed translucent gate.
  5165 | D:7      | Found an ornate altar of the Wu Jian Council.
  5427 | D:7      | Reached ** piety under Okawaru
  5427 | D:7      | Reached skill level 5 in Evocations
  5472 | D:7      | Killed CanOfBees's ghost
  5472 | D:7      | Reached XP level 10. HP: 84/84 MP: 13/13
  5681 | D:8      | Reached skill level 6 in Long Blades
  5753 | D:8      | Reached *** piety under Okawaru
  5776 | D:8      | Noticed Psyche
  5789 | D:8      | Killed Psyche
  5789 | D:8      | Reached skill level 1 in Invocations
  5789 | D:8      | Reached skill level 7 in Long Blades
  5944 | D:8      | Noticed an ogre mage
  5973 | D:8      | Killed an ogre mage
  5973 | D:8      | Reached **** piety under Okawaru
  6151 | D:8      | Noticed Pikel
  6172 | D:8      | Killed Pikel
  6265 | D:8      | Reached skill level 8 in Long Blades
  6580 | D:9      | Reached XP level 11. HP: 87/91 MP: 15/15
  6689 | D:9      | Reached ***** piety under Okawaru
  6754 | D:9      | Reached skill level 9 in Long Blades
  6775 | D:9      | Noticed Maurice
  6784 | D:9      | Killed Maurice
  6784 | D:9      | Reached skill level 5 in Stealth
  7043 | D:9      | Noticed a two-headed ogre
  7049 | D:9      | Noticed a two-headed ogre
  7062 | D:9      | Killed a two-headed ogre
  7066 | D:9      | Killed a two-headed ogre
  7191 | D:10     | Entered Level 10 of the Dungeon
  7548 | D:10     | Noticed Urug
  7556 | D:10     | Killed Urug
  7563 | D:10     | Reached skill level 10 in Long Blades
  7862 | D:10     | Noticed a black draconian stormcaller
  7862 | D:10     | Noticed a golden dragon
  7883 | D:10     | Killed a golden dragon
  7885 | D:10     | Killed a black draconian stormcaller
  8359 | D:10     | Found a gate to the Realm of Zot.
  8441 | Zot      | Entered the Realm of Zot
  8441 | Zot      | Noticed a curse toe
  8441 | Zot      | Noticed a tentacled monstrosity
  8449 | D:10     | Reached XP level 12. HP: 6/100 MP: 17/17
  8901 | Zot      | Killed a curse toe
  8901 | Zot      | Reached ****** piety under Okawaru
  8901 | Zot      | Received a gift from Okawaru
  8901 | Zot      | Reached skill level 11 in Long Blades
  8901 | Zot      | Reached skill level 5 in Invocations
  9390 | Zot      | Reached skill level 12 in Long Blades
  9510 | Zot      | Reached skill level 10 in Short Blades
  9532 | Zot      | Noticed a curse toe
  9543 | Zot      | Killed a curse toe
  9543 | Zot      | Reached skill level 1 in Throwing
  9830 | Zot      | Killed from afar by a black draconian

Levels and vault maps discovered:
D:1:      lightli_arrival_farm, layout_basic, minmay_misc_feat_x
D:2:      layout_basic, minmay_temple_entry_butterflies, minmay_pentomino_o4,
          uniq_natasha
D:3:      layout_loops_ring
D:4:      layout_basic, old_standard_altar
D:5:      layout_basic, serial_shops, nicolae_shop_crystal, basic_altar,
          first_ration, uniq_eustachio
D:6:      layout_cave_pools, gammafunk_temple_overflow_statue, sigmund_army
D:7:      layout_loops_ring, chequers_temple_overflow_statue_of_worship,
          lemuel_round_altar, gammafunk_ghost_icy
D:8:      layout_loops_corners, david_nohive_1, kennysheep_just_a_vault,
          uniq_pikel, uniq_psyche
D:9:      layout_basic, corexii_checkpoint_a, uniq_maurice
D:10:     evilmike_zot_entry_basic, layout_layer_cave, uniq_urug
Temple:   regret_index_temple_generic_petals
Zot:      layout_gridlike

Skill      XL: |  1  2  3  4  5  6  7  8  9 10 11 12 |
---------------+-------------------------------------+-----
Armour         | 4 5 6 7 8 |  8.7
Fighting       | 4 5 6 7 |  7.8
Long Blades    | 3 4 5 8 10 12 | 12.4
Shields        | 4 5 6 7 8 9 |  9.8
Evocations     | 1 2 3 4 5 7 8 |  8.9
Stealth        | 1 2 3 4 6 |  6.4
Dodging        | 1 2 3 4 |  4.9
Short Blades   | 2 5 6 7 9 10 | 10.1
Invocations    | 2 4 5 |  5.9
Throwing       | 1 |  1.0

Action                   |  1- 3 |  4- 6 |  7- 9 | 10-12 || total
-------------------------+-------+-------+-------+-------++-------
Melee: Long sword        |    83 |    65 |       |       ||   148
       Headbutt          |    12 |    26 |    34 |    83 ||   155
       Short sword       |       |    25 |   170 |   302 ||   497
Throw: Throwing net      |       |       |     1 |       ||     1
       Javelin           |       |       |       |     2 ||     2
Invok: Heroism           |       |       |       |     1 ||     1
       Finesse           |       |       |       |     1 ||     1
Evoke: Wand              |       |       |    24 |    15 ||    39
  Use: Scroll            |       |       |     1 |    11 ||    12
       Potion            |       |       |       |     7 ||     7
 Stab: Sleeping          |     2 |     4 |     9 |    15 ||    30
  Eat: Chunk             |     2 |     5 |     4 |     5 ||    16
       Ration            |       |       |     1 |     3 ||     4
Armor: Scale mail        |    23 |       |       |       ||    23
       Ring mail         |     1 |    19 |    31 |    26 ||    77
       Plate armour      |       |       |       |    31 ||    31
Dodge: Dodged            |    32 |    33 |    47 |   125 ||   237
Block: Kite shield       |    35 |    39 |    90 |   138 ||   302
       Rpst.: Long sword |    10 |     7 |       |     2 ||    19
